 Dungeon Crawl Stone Soup version 0.29-a0-284-gf9362112df (webtiles) character file.

Game seed: 15104286040990340834

456 mistaj the Skirmisher (level 7, -1/38 (39) HPs)
             Began as a Vine Stalker Monk on Mar 19, 2022.
             Was a Believer of Makhleb.
             Slain by a gnoll sergeant
             ... wielding a +0 spear
              (4 damage)
             ... on level 7 of the Dungeon.
             The game lasted 00:09:51 (4325 turns).

mistaj the Skirmisher (Vine Stalker Monk)           Turns: 4325, Time: 00:09:51

HP:   -1/38 (39)    AC:  9    Str: 16    XL:     7   Next: 6%
MP:   0/8           EV:  7    Int: 10    God:    Makhleb [**....]
Gold: 236           SH:  5    Dex: 16    Spells: 6/6 levels left

rFire   . . .      SeeInvis .   a - +0 short sword
rCold   . . .      Faith    .   (no shield)
rNeg    + . .      Spirit   +   z - +0 chain mail
rPois   +          Reflect  +   (no helmet)
rElec   .          Harm     .   (no cloak)
rCorr   .          Rampage  .   (no gloves)
Will    .....                   y - +0 pair of boots
Stlth   ..........              r - amulet of reflection
HPRegen 0.92/turn               m - ring of poison resistance
MPRegen 0.11/turn               q - ring of positive energy

@: lightly drained
A: fangs 2, regeneration 1, magic shield, antimagic bite, no potion heal 2
a: Renounce Religion, Minor Destruction


You were on level 7 of the Dungeon.
You worshipped Makhleb.
Makhleb was pleased with you.
You visited 2 branches of the dungeon, and saw 8 of its levels.

You collected 236 gold pieces.

Inventory:

Hand Weapons
 a - a +0 short sword (weapon)
 h - a +2 antimagic mace
Missiles
 p - a throwing net (quivered)
Armour
 y - a +0 pair of boots (worn)
 z - a +0 chain mail (worn)
Jewellery
 m - a ring of poison resistance (left hand)
 q - a ring of positive energy (right hand)
 r - an amulet of reflection (around neck)
Scrolls
 b - a scroll of teleportation {unknown}
 d - a scroll of magic mapping
 e - a scroll of amnesia {unknown}
 i - 2 scrolls of vulnerability {unknown}
 j - a scroll of identify
 l - a scroll of torment {unknown}
 o - a scroll of fear
 t - a scroll of enchant weapon {unknown}
 u - 2 scrolls of holy word {unknown}
 w - a scroll of fog {unknown}
 x - a scroll of noise {unknown}
Potions
 c - 2 potions of ambrosia
 f - a potion of resistance {unknown}
 g - 6 potions of curing
 n - 2 potions of attraction {unknown}
 s - a potion of invisibility {unknown}
 v - 2 potions of mutation


   Skills:
 + Level 5.3 Fighting
 + Level 5.3 Short Blades
 - Level 2.4 Dodging
 - Level 2.4 Stealth


You had 6 spell levels left.
You didn't know any spells.
Your spell library contained the following spells:

 Spells                   Type           Power      Damage    Failure   Level
 Magic Dart               Conj           0%         1d3       100%        1
 Call Imp                 Summ           0%         N/A       100%        2
 Sublimation of Blood     Necr           0%         N/A       100%        2
 Wereblood                Tmut           0%         N/A       100%        2
 Gell's Gravitas          Tloc           0%         N/A       100%        3
 Mephitic Cloud           Conj/Pois/Air  0%         N/A       100%        3
 Ozocubu's Armour         Ice            0%         N/A       100%        3
 Teleport Other           Tloc           0%         N/A       100%        3
 Dispersal                Tloc           0%         N/A       100%        6
 Ozocubu's Refrigeration  Ice            0%         4d5       100%        7
 Summon Hydra             Summ           0%         N/A       100%        7


Dungeon Overview and Level Annotations

Branches:
Dungeon (7/15)             Temple (1/1) D:4

Altars:
Ashenzari
Cheibriados
Dithmenos
Elyvilon
Fedhas
Gozag
Hepliaklqana
Kikubaaqudgha
Makhleb
Nemelex Xobeh
Okawaru
Qazlal
Ru
Sif Muna
Trog
Uskayaw
Vehumet
Wu Jian
Xom
Yredelemnul
Zin
The Shining One

Shops:
D:5 *:

Annotations:
D:4 3 runed translucent doors, Insxnity's ghost, weakling TrGl
D:6 Menkaure


Innate Abilities, Weirdness & Mutations

You have extremely sharp teeth.
Your natural rate of healing is unusually fast.
When hurt, damage is shared between your health and your magic reserves.
Your bite disrupts and absorbs the magic of your enemies.
Potions cannot restore your health.


Message History

The gnoll hits you but does no damage.
You barely miss the gnoll sergeant. Your bite misses the gnoll sergeant.
The gnoll hits you with a +0 club.
The gnoll sergeant hits you with a +0 spear!
You hit the gnoll sergeant but do no damage.
You block the gnoll's attack. The gnoll sergeant closely misses you.
You barely miss the gnoll sergeant. The gnoll hits you with a +0 club.
The gnoll sergeant hits you but does no damage.
You hit the gnoll sergeant.
You bite the gnoll sergeant, but do no damage.
The gnoll sergeant is lightly wounded.
The gnoll hits you but does no damage. The gnoll sergeant closely misses you.
You hit the gnoll sergeant but do no damage.
You bite the gnoll sergeant. You drain its power.
You feel invigorated.
The gnoll sergeant is moderately wounded.
The gnoll hits you with a +0 club.
* * * LOW HITPOINT WARNING * * *
The gnoll sergeant hits you with a +0 spear!
* * * LOW HITPOINT WARNING * * *
You barely miss the gnoll sergeant. You bite the gnoll sergeant.
You drain its power.
You feel invigorated.
The gnoll sergeant is heavily wounded.
Unknown command.
You hit the gnoll sergeant but do no damage.
You bite the gnoll sergeant, but do no damage.
The gnoll sergeant is heavily wounded.
The gnoll hits you but does no damage.
The gnoll sergeant hits you with a +0 spear.
* * * LOW HITPOINT WARNING * * *
Unknown command.
You hit the gnoll sergeant but do no damage.
You bite the gnoll sergeant. You drain its power.
You feel invigorated.
The gnoll sergeant is heavily wounded.
You block the gnoll's attack. The gnoll sergeant barely misses you.
Unknown command.
You hit the gnoll sergeant but do no damage.
The gnoll sergeant is heavily wounded.
You block the gnoll's attack.
The gnoll sergeant hits you with a +0 spear.
You die...

,,***,,**,***#.>.##.....#≈≈≈≈....
,,,*,,,,,,**,#....#....≈#≈.>≈+≈..
,,,*,,,*,,,*,*#...##...≈≈≈⌠_≈+...
,,,,,,**,,,,,,#....#..≈≈#≈≈≈≈#≈..
,,,,,,*,,,,,,,*#......≈≈≈≈###≈≈..
*,,,,,,,,,,,,,<#.8......≈..≈≈≈≈..
**,,,,,,,,,,,,##............≈,≈,,
,*,,,,,,,,,,,,#.g..#....[.≈..,,,,
,,,,,,,,,,,,,##.@.##.........,,,,
,,,,,,,,,,,,,#..)g#...#######,,,*
,,*******,,,,#.<)##...#**,**,,*,,
,,**,,,**,,,,#..)#....#*,,,,,,,,,
***,,,,,***,,#####.....,,,,,,,,,*
***,,,,,**,,,*,* *,,,,,,,,,,,,,,*
,,*^,,,,*,,,,*,****,,*,,,,,,,,***
,,**,,,**,,,**,,,,*,,*,,,,,*,,,*,
,,***+*********,,,,,,*,,,,,*,,,,,


You could see a gnoll sergeant and a gnoll.

Vanquished Creatures
  A water moccasin (D:7)
  A bullfrog (D:7)
  A wight (D:7)
  2 jellies
  2 orc wizards (D:7)
  2 gnolls (D:7)
  4 adders
  2 ufetubi
  A worm (D:3)
  A dart slug (D:3)
  2 orcs (D:3)
  4 endoplasms (D:1)
  A giant cockroach (D:2)
  3 goblins (D:4)
  7 hobgoblins
  4 jackals (D:2)
  3 kobolds
  3 quokkas
  6 ball pythons
  6 bats
  2 frilled lizards
  7 rats
65 creatures vanquished.

Vanquished Creatures (others)
  7 plants (D:5)
7 creatures vanquished.

Grand Total: 72 creatures vanquished

Notes
Turn   | Place    | Note
-------+----------+-------------------------------------------
     0 | D:1      | mistaj the Vine Stalker Monk began the quest for the Orb.
     0 | D:1      | Reached XP level 1. HP: 11/11 MP: 2/2
   224 | D:1      | Reached XP level 2. HP: 8/16 MP: 3/3
  1405 | D:1      | Found a faded altar of an unknown god.
  1409 | D:1      | Reached XP level 3. HP: 20/20 MP: 4/4
  2378 | D:3      | Gained mutation: Your natural rate of healing is unusually
                  | fast. [Vine Stalker growth]
  2378 | D:3      | Reached XP level 4. HP: 25/25 MP: 5/5
  2953 | D:4      | Found a runed translucent gate.
  2954 | D:4      | Found a runed translucent gate.
  2956 | D:4      | Found a runed translucent gate.
  2956 | D:4      | Noticed Insxnity's ghost (weakling TrGl)
  2986 | D:4      | Found a staircase to the Ecumenical Temple.
  3006 | Temple   | Entered the Ecumenical Temple
  3080 | Temple   | Became a worshipper of Makhleb the Destroyer
  3080 | Temple   | Reached * piety under Makhleb
  3080 | Temple   | Reached ** piety under Makhleb
  3561 | D:4      | You fall into a shaft and drop 1 floor!
  3561 | D:5      | Entered Level 5 of the Dungeon
  3581 | D:5      | Reached XP level 5. HP: 23/29 MP: 3/6
  3608 | D:5      | Found Jesuku Viux's Book Shoppe.
  3654 | D:5      | Noticed a troll
  3689 | D:5      | Found Bofiommi's Assorted Antiques.
  3721 | D:6      | Noticed an ogre
  3732 | D:6      | Noticed Menkaure
  3981 | D:7      | Found a stormy altar of Qazlal.
  4173 | D:7      | Reached XP level 6. HP: 32/35 MP: 5/7
  4181 | D:7      | Noticed a water moccasin
  4201 | D:7      | Killed a water moccasin
  4202 | D:7      | Reached skill level 5 in Fighting
  4202 | D:7      | Reached skill level 5 in Short Blades
  4271 | D:7      | Reached XP level 7. HP: 4/37 MP: 0/8
  4323 | D:7      | HP: 1/38 [gnoll sergeant/+0 spear (2)]
  4325 | D:7      | Slain by a gnoll sergeant

Illustrated notes

Levels and vault maps discovered:
D:1:      amcnicky_arrival_flooded_fountain, layout_rooms,
          basic_ecumenical_altar, serial_co_window_serial, co_window_paths_a,
          co_window_paths_a, co_window_paths_a, co_window_corner_a,
          co_window_paths_a, co_window_paths_c, co_window_unsneaky_path_e,
          co_window_paths_c, co_window_2corner, co_window_2corner,
          co_window_4corner_b, glass_columns_c, glass_columns_a,
          glass_columns_b, glass_columns_a, glass_columns_b,
          minmay_misc_feat_columns, minmay_pentomino_t4
D:2:      layout_rooms
D:3:      layout_loops_cross, gup_sewer_entry_spiral
D:4:      layout_gridville, minmay_temple_entry_glass, gammafunk_ghost_split
D:5:      wad_lake_hut, layout_loops_ring, serial_shops,
          nicolae_shop_bloodbath_and_beyond, shop_statue, kennysheep_mini, shop,
          st_stairs_4, hex_tiny
D:6:      layout_rooms, hangedman_abyss_or_decor_lesser_grid, uniq_menkaure,
          uniq_blork_the_orc
D:7:      layout_cave_pools, nicolae_qazlal_general_emergency,
          gammafunk_ghost_nasty_kobolds, grunt_ministairs_12,
          minmay_three_doors, uniq_prince_ribbit1
Temple:   compressed_dpeg_circular_temple

Skill      XL: |  1  2  3  4  5  6 |
---------------+-------------------+-----
Fighting       | 3 4 5 |  5.3
Short Blades   | 3 4 5 |  5.3
Dodging        | |  2.4
Stealth        | |  2.4

Action                   |  1- 3 |  4- 6 |  7- 9 || total
-------------------------+-------+-------+-------++-------
Melee: Short sword       |   132 |   154 |    18 ||   304
       Bite              |    31 |    34 |     9 ||    74
       Punch             |     2 |       |       ||     2
  Use: Scroll            |       |     5 |       ||     5
 Stab: Sleeping          |     2 |       |       ||     2
Armor: Robe              |     2 |       |       ||     2
       Ring mail         |    42 |    18 |       ||    60
       Chain mail        |       |    56 |     5 ||    61
Dodge: Dodged            |    78 |    77 |     5 ||   160
Block: Other             |       |    36 |     5 ||    41

Table legend: (Time is in decaauts)
 A = Elapsed time spent in this place.
 B = Non-inter-level travel time spent in this place.
 C = Inter-level travel time spent in this place.
 D = Time resting spent in this place.
 E = Time spent auto-exploring this place.
 F = Levels seen in this place.
 G = Mean time per level.
                   A        B        C        D        E       F      G
               +--------+--------+--------+--------+--------+-----+--------+
         Total |   4334 |   4239 |     95 |    952 |   2056 |   8 |  541.8 |
       Dungeon |   4253 |   4164 |     89 |    952 |   2056 |   7 |  607.6 |
        Temple |     81 |     75 |      6 |      0 |      0 |   1 |   81.0 |
               +--------+--------+--------+--------+--------+-----+--------+

Top non-repeatable levels by time:
     D:1: 1546 daAuts
     D:3: 804 daAuts
     D:2: 605 daAuts
     D:7: 560 daAuts
     D:4: 546 daAuts
     D:5: 153 daAuts
  Temple: 81 daAuts
     D:6: 37 daAuts
